SAA
IRVING BLUE SOX @ DURHAM RAPIERS
08/16/2028
 
TOP OF THE 1ST
Irving Blue Sox batting - Pitching for Durham Rapiers : RHP Darius Baxa
Pitching: RHP Darius Baxa
Batting: RHB Jerry Yates 0-0: Ball
1-0: Called Strike
1-1: Ground out 5-3 (Groundball, 56)
Batting: RHB Eisse Cals 0-0: Ball
1-0: Ball
2-0: SINGLE (Line Drive, 6D)
Batting: RHB Tom Boyer 0-0: SINGLE (Groundball, 34D)
Eisse Cals to second
Batting: LHB Myron Rosenbalm 0-0: Called Strike
0-1: Ball
1-1: Called Strike
1-2: Ball
2-2: Strikes out swinging
Batting: RHB Cisco Hernández 0-0: Called Strike
0-1: Foul Ball, location: 2F
0-2: Foul Ball, location: 2F
0-2: Strikes out swinging
Top of the 1st over - 0 run(s), 2 hit(s), 0 error(s), 2 left on base; Irving 0 - Durham 0
BOTTOM OF THE 1ST
Durham Rapiers batting - Pitching for Irving Blue Sox : RHP Rewa Malaki
Pitching: RHP Rewa Malaki
Batting: RHB Tomás Duarte 0-0: Ball
1-0: Ball
2-0: Foul Ball, location: 2F
2-1: Ball
3-1: Foul Ball, location: 2F
3-2: Base on Balls
Batting: RHB Tomás Costello 0-0: Called Strike
0-1: Fly out, F7 (Flyball, 7)
Batting: RHB Vincent Klein 0-0: Called Strike
0-1: Ball
1-1: Fly out, F2 (Popup, 15S)
Batting: LHB Alberto Garza 0-0: Ball
1-0: Called Strike
1-1: Ball
2-1: Swinging Strike
2-2: 2-RUN HOME RUN (Flyball, 7D), Distance : 395 ft
Batting: RHB Dave Sienna 0-0: Ball
1-0: Foul Ball, location: 2F
1-1: Fly out, F6 (Line Drive, 6)
Bottom of the 1st over - 2 run(s), 1 hit(s), 0 error(s), 0 left on base; Irving 0 - Durham 2
TOP OF THE 2ND
Irving Blue Sox batting - Pitching for Durham Rapiers : RHP Darius Baxa
Batting: SHB John Clayton 0-0: SINGLE (Line Drive, 9LM)
Batting: RHB Wessel Wemerman 0-0: Ball
1-0: Ball
2-0: 2-RUN HOME RUN (Flyball, 7D), Distance : 387 ft
Batting: RHB Carlos Ramírez 0-0: Ball
1-0: SINGLE (Groundball, 56S) (infield hit)
Batting: SHB Lúcio Gonzáles 0-0: Called Strike
0-1: SINGLE (Groundball, 4MD)
Carlos Ramírez to second
Batting: RHB Jerry Yates 0-0: Called Strike
Carlos Ramírez steals 3rd base
Lúcio Gonzáles to second
0-1: Ground out 6-3 (Groundball, 6S)
Carlos Ramírez scores
Lúcio Gonzáles to third
Batting: RHB Eisse Cals 0-0: Called Strike
0-1: Swinging Strike
0-2: Ball
1-2: Fly out, F8 (Flyball, 8RM)
Runner from 3rd tags up, SCORES, throw made
Batting: RHB Tom Boyer 0-0: Called Strike
0-1: Foul Ball, location: 2F
0-2: Fly out, F9 (Flyball, 89S)
Top of the 2nd over - 4 run(s), 4 hit(s), 0 error(s), 0 left on base; Irving 4 - Durham 2
BOTTOM OF THE 2ND
Durham Rapiers batting - Pitching for Irving Blue Sox : RHP Rewa Malaki
Batting: RHB António Díaz 0-0: Ball
1-0: Fly out, F8 (Flyball, 78D)
Batting: RHB Raúl Moreno 0-0: Ball
1-0: Fly out, F3 (Popup, 3D)
Batting: SHB Carlos Chávez 0-0: Ground out 1-3 (Groundball, 13)
Bottom of the 2nd over - 0 run(s), 0 hit(s), 0 error(s), 0 left on base; Irving 4 - Durham 2
TOP OF THE 3RD
Irving Blue Sox batting - Pitching for Durham Rapiers : RHP Darius Baxa
Batting: LHB Myron Rosenbalm 0-0: Swinging Strike
0-1: Fly out, F8 (Flyball, 8LD)
Batting: RHB Cisco Hernández 0-0: Ball
1-0: Ball
2-0: Ball
3-0: Called Strike
3-1: Foul Ball, location: 2F
3-2: Strikes out swinging
Batting: SHB John Clayton 0-0: Ball
1-0: Ball
2-0: Fly out, F4 (Line Drive, 4)
Top of the 3rd over - 0 run(s), 0 hit(s), 0 error(s), 0 left on base; Irving 4 - Durham 2
BOTTOM OF THE 3RD
Durham Rapiers batting - Pitching for Irving Blue Sox : RHP Rewa Malaki
Batting: RHB Júlio Gonzáles 0-0: Foul Ball, location: 2F
0-1: Ball
1-1: Ball
2-1: Ball
3-1: Fly out, F9 (Line Drive, 89M)
Batting: RHB Tomás Duarte 0-0: Swinging Strike
0-1: Ball
1-1: Swinging Strike
1-2: Strikes out looking
Batting: RHB Tomás Costello 0-0: Ball
1-0: Ball
2-0: Swinging Strike
2-1: Ball
3-1: Fly out, F3 (Popup, 34)
Bottom of the 3rd over - 0 run(s), 0 hit(s), 0 error(s), 0 left on base; Irving 4 - Durham 2
TOP OF THE 4TH
Irving Blue Sox batting - Pitching for Durham Rapiers : RHP Darius Baxa
Batting: RHB Wessel Wemerman 0-0: Ball
1-0: Swinging Strike
1-1: Swinging Strike
1-2: Ball
2-2: Ball
3-2: Strikes out looking
Batting: RHB Carlos Ramírez 0-0: Foul Ball, location: 2F
0-1: Ball
1-1: Ball
2-1: Swinging Strike
2-2: Foul Ball, location: 2F
2-2: Foul Ball, location: 2F
2-2: Strikes out swinging
Batting: SHB Lúcio Gonzáles 0-0: Called Strike
0-1: Foul Ball, location: 2F
0-2: Ball
1-2: Ball
2-2: SINGLE (Line Drive, 56)
Batting: RHB Jerry Yates 0-0: Ball
1-0: Called Strike
1-1: Ball
2-1: Foul Ball, location: 2F
2-2: SINGLE (Flyball, 9LS)
Lúcio Gonzáles to second
Runner from 2nd tries for 3rd, SAFE, no throw
Batting: RHB Eisse Cals 0-0: DOUBLE (Flyball, 89M)
Lúcio Gonzáles scores
Jerry Yates to third
Batting: RHB Tom Boyer 0-0: Ball
1-0: Called Strike
1-1: Swinging Strike
1-2: Ball
2-2: Ground out 6-3 (Groundball, 6)
Top of the 4th over - 1 run(s), 3 hit(s), 0 error(s), 2 left on base; Irving 5 - Durham 2
BOTTOM OF THE 4TH
Durham Rapiers batting - Pitching for Irving Blue Sox : RHP Rewa Malaki
Batting: RHB Vincent Klein 0-0: Ball
1-0: Ball
2-0: Foul Ball, location: 2F
2-1: Ground out 5-3 (Groundball, 56S)
Batting: LHB Alberto Garza 0-0: Ball
1-0: Ground out 3-1 (Groundball, 34)
Batting: RHB Dave Sienna 0-0: Called Strike
0-1: Called Strike
0-2: Ball
1-2: Ground out 6-3 (Groundball, 6)
Bottom of the 4th over - 0 run(s), 0 hit(s), 0 error(s), 0 left on base; Irving 5 - Durham 2
TOP OF THE 5TH
Irving Blue Sox batting - Pitching for Durham Rapiers : RHP Darius Baxa
Batting: LHB Myron Rosenbalm 0-0: Swinging Strike
0-1: Ball
1-1: Called Strike
1-2: Ball
2-2: Strikes out swinging
Batting: RHB Cisco Hernández 0-0: SINGLE (Line Drive, 7LM)
Batting: SHB John Clayton 0-0: Ball
Cisco Hernández is caught stealing 2nd base
1-0: Ball
2-0: Ground out 4-3 (Groundball, 4)
Top of the 5th over - 0 run(s), 1 hit(s), 0 error(s), 0 left on base; Irving 5 - Durham 2
BOTTOM OF THE 5TH
Durham Rapiers batting - Pitching for Irving Blue Sox : RHP Rewa Malaki
Batting: RHB António Díaz 0-0: Foul Ball, location: 2F
0-1: Foul Ball, location: 2F
0-2: Ball
1-2: Foul Ball, location: 2F
1-2: Foul Ball, location: 2F
1-2: Ball
2-2: Ball
3-2: Strikes out swinging
Batting: RHB Raúl Moreno 0-0: Ball
1-0: Called Strike
1-1: Ball
2-1: Ball
3-1: Fly out, F5 (Line Drive, 56D)
Batting: SHB Carlos Chávez 0-0: Ball
1-0: Ground out 6-3 (Groundball, 6)
Bottom of the 5th over - 0 run(s), 0 hit(s), 0 error(s), 0 left on base; Irving 5 - Durham 2
TOP OF THE 6TH
Irving Blue Sox batting - Pitching for Durham Rapiers : RHP Darius Baxa
Batting: RHB Wessel Wemerman 0-0: Called Strike
0-1: Ball
1-1: Foul Ball, location: 2F
1-2: Strikes out swinging
Batting: RHB Carlos Ramírez 0-0: Ball
1-0: Foul Ball, location: 2F
1-1: Swinging Strike
1-2: Ball
2-2: SINGLE (Line Drive, 7LM)
Batting: SHB Lúcio Gonzáles 0-0: Ball
1-0: Called Strike
1-1: Fielders Choice at 2nd, 1-4 (Groundball, 15S)
Now at 2B: Jules Winnfield
Batting: RHB Jerry Yates 0-0: Ball
1-0: Called Strike
1-1: Ball
2-1: Ball
3-1: Base on Balls
Lúcio Gonzáles to second
Batting: RHB Eisse Cals 0-0: Foul Ball, location: 2F
0-1: Called Strike
0-2: Ball
1-2: Ball
2-2: DOUBLE (Line Drive, 78M)
Lúcio Gonzáles scores
Jerry Yates to third
Runner from 3rd tries for Home, SAFE, no throw
Pitching: RHP Javier Hernández
Batting: RHB Tom Boyer 0-0: Ball
1-0: Ground out 1-3 (Groundball, P)
Top of the 6th over - 2 run(s), 2 hit(s), 0 error(s), 1 left on base; Irving 7 - Durham 2
BOTTOM OF THE 6TH
Durham Rapiers batting - Pitching for Irving Blue Sox : RHP Rewa Malaki
Batting: RHB Júlio Gonzáles 0-0: Called Strike
0-1: Called Strike
0-2: Ball
1-2: Ball
2-2: Ball
3-2: Ground out 4-3 (Groundball, 4M)
Batting: RHB Tomás Duarte 0-0: Ground out 6-3 (Groundball, 6)
Batting: RHB Jules Winnfield 0-0: Foul Ball, location: 2F
0-1: SINGLE (Groundball, 34D)
Batting: RHB Vincent Klein 0-0: Called Strike
0-1: Ball
1-1: Ball
2-1: Swinging Strike
2-2: Fielders Choice at 2nd, 5-4 (Groundball, 56)
Bottom of the 6th over - 0 run(s), 1 hit(s), 0 error(s), 0 left on base; Irving 7 - Durham 2
TOP OF THE 7TH
Irving Blue Sox batting - Pitching for Durham Rapiers : RHP Javier Hernández
Batting: LHB Myron Rosenbalm 0-0: Ball
1-0: Ball
2-0: Ball
3-0: Called Strike
3-1: Ground out U3 (Groundball, 34)
Batting: RHB Cisco Hernández 0-0: Ground out 5-3 (Groundball, 56S)
Batting: SHB John Clayton 0-0: Ball
1-0: Ball
2-0: Ball
3-0: Base on Balls
Batting: RHB Wessel Wemerman 0-0: Called Strike
John Clayton is caught stealing 2nd base
Top of the 7th over - 0 run(s), 0 hit(s), 0 error(s), 0 left on base; Irving 7 - Durham 2
BOTTOM OF THE 7TH
Durham Rapiers batting - Pitching for Irving Blue Sox : RHP Rewa Malaki
Batting: LHB Alberto Garza 0-0: Ball
1-0: Called Strike
1-1: SINGLE (Line Drive, 9S)
Batting: RHB Dave Sienna 0-0: Called Strike
0-1: Swinging Strike
0-2: Ball
1-2: Fielders Choice at 2nd, 5-4 (Groundball, 5)
Batting: RHB António Díaz 0-0: Ball
1-0: Called Strike
1-1: Ball
2-1: Swinging Strike
2-2: Strikes out swinging
Batting: RHB Raúl Moreno 0-0: Called Strike
0-1: Called Strike
0-2: Foul Ball, location: 2F
0-2: Fly out, F8 (Flyball, 8LM)
Bottom of the 7th over - 0 run(s), 1 hit(s), 0 error(s), 1 left on base; Irving 7 - Durham 2
TOP OF THE 8TH
Irving Blue Sox batting - Pitching for Durham Rapiers : RHP Javier Hernández
Batting: RHB Wessel Wemerman 0-0: Swinging Strike
0-1: Ball
1-1: Foul Ball, location: 2F
1-2: Ball
2-2: DOUBLE (Groundball, 5L)
Batting: RHB Carlos Ramírez 0-0: Ball
1-0: Called Strike
1-1: Ground out 5-3 (Groundball, 56)
Batting: SHB Lúcio Gonzáles 0-0: Ball
1-0: Ball
Wessel Wemerman steals 3rd base
2-0: Ball
3-0: Called Strike
3-1: Base on Balls
Batting: RHB Jerry Yates 0-0: Foul Ball, location: 2F
0-1: Foul Ball, location: 2F
0-2: Strikes out swinging
Batting: RHB Eisse Cals 0-0: Ball
1-0: Fielders Choice at 2nd, 6-4 (Groundball, 6)
Top of the 8th over - 0 run(s), 1 hit(s), 0 error(s), 1 left on base; Irving 7 - Durham 2
BOTTOM OF THE 8TH
Durham Rapiers batting - Pitching for Irving Blue Sox : RHP Rewa Malaki
Batting: SHB Carlos Chávez 0-0: Fly out, F9 (Flyball, 9)
Batting: RHB Júlio Gonzáles 0-0: Ball
1-0: Called Strike
1-1: Ball
2-1: Fly out, F7 (Flyball, 7LM)
Batting: RHB Tomás Duarte 0-0: Ball
1-0: Fly out, F7 (Flyball, 7D)
Bottom of the 8th over - 0 run(s), 0 hit(s), 0 error(s), 0 left on base; Irving 7 - Durham 2
TOP OF THE 9TH
Irving Blue Sox batting - Pitching for Durham Rapiers : RHP Javier Hernández
Pitching: RHP Briggs Bourgeois
Batting: RHB Tom Boyer 0-0: Ground out 6-3 (Groundball, 6)
Batting: LHB Myron Rosenbalm 0-0: Swinging Strike
0-1: Ball
1-1: Ball
2-1: Ball
3-1: Foul Ball, location: 2F
3-2: Strikes out swinging
Batting: RHB Cisco Hernández 0-0: Foul Ball, location: 2F
0-1: Foul Ball, location: 2F
0-2: Ball
1-2: Ball
2-2: Foul Ball, location: 2F
2-2: Ball
3-2: Foul Ball, location: 2F
3-2: SINGLE (Groundball, 34D)
Batting: SHB John Clayton 0-0: Called Strike
0-1: Ball
1-1: Called Strike
Cisco Hernández steals 2nd base
1-2: Ball
2-2: Ball
3-2: Ground out U3 (Groundball, 3)
Top of the 9th over - 0 run(s), 1 hit(s), 0 error(s), 1 left on base; Irving 7 - Durham 2
BOTTOM OF THE 9TH
Durham Rapiers batting - Pitching for Irving Blue Sox : RHP Rewa Malaki
Pitching: RHP Kenete Daku
Now in RF: Eduardo Santos
Batting: RHB Jules Winnfield 0-0: Ball
1-0: Ball
2-0: Fly out, F4 (Popup, 4)
Batting: RHB Vincent Klein 0-0: Ball
1-0: SINGLE (Line Drive, 89S)
Batting: LHB Alberto Garza 0-0: Called Strike
0-1: Ball
1-1: Swinging Strike
1-2: Ball
2-2: Strikes out swinging
Batting: RHB Dave Sienna 0-0: Swinging Strike
0-1: Ball
1-1: Ball
2-1: Swinging Strike
Balk!
Vincent Klein to second
2-2: Strikes out swinging
Bottom of the 9th over - 0 run(s), 1 hit(s), 0 error(s), 1 left on base; Irving 7 - Durham 2
Friday, August 25th, 2017 - OOTP Baseball 17.12 Build 75